 Dungeon Sprint DCSS version 0.27-a0-1502-g47ed6a6988 (webtiles) character file.

Game seed: 2584529603342700971

5800000 tygod the Plane Walker (level 27, -4/174 HPs)
             Began as a Spriggan Warper on July 8, 2021.
             Engulfed by a cloud of flame (11 damage)
             ... in the Dungeon (Sprint VIII: "Arena of Blood").
             The game lasted 00:02:30 (58 turns).

tygod the Plane Walker (Spriggan Warper)              Turns: 58, Time: 00:02:31

Health: -4/174     AC:  3    Str:  7    XL:     27
Magic:  16/55      EV: 50    Int: 16    God:
Gold:   0          SH:  0    Dex: 26    Spells: 80/80 levels left

rFire    + . .     SeeInvis +   j - +∞ Axe of Woe
rCold    . . .     Faith    .   (shield currently unavailable)
rNeg     . . .     Spirit   .   b - +0 robe
rPois    .         Reflect  .   (helmet restricted)
rElec    .         Harm     .   (no cloak)
rCorr    .         Rampage  .   (gloves unavailable)
Will     ++++.     NoTele   +   (boots unavailable)
Stlth    ++++++++++             (no amulet)
HPRegen  0.39/turn              c - +200 ring of slaying
MPRegen  0.34/turn              k - ring of protection from fire

@: slowed, quick
A: very small, no large weapons, unfitting armour, see invisible, speed 3
a: no special abilities


You were in the Dungeon.
You visited 1 branch

Inventory:

Hand Weapons
 a - a +0 hand axe
 j - the +∞ Axe of Woe (weapon)
   (You found it in the Dungeon)
Missiles
 d - 5 boomerangs of dispersal (quivered)
Armour
 b - a +0 robe (worn)
Jewellery
 c - a +200 ring of slaying (left hand)
 k - a ring of protection from fire (right hand)
Potions
 e - a potion of curing
 f - a potion of heal wounds
 g - a potion of haste
 h - 2 potions of magic
 i - a potion of berserk rage


   Skills:
 O Level 27 Fighting
 + Level 26.1(27) Short Blades
 + Level 20.6(23.7) Long Blades
 O Level 27 Axes
 + Level 19.2(26.2) Maces & Flails
 + Level 19.2(26.3) Polearms
 + Level 19.2(24.3) Staves
 O Level 27 Slings
 O Level 27 Bows
 + Level 24.0 Crossbows
 O Level 27 Throwing
 + Level 19.5 Armour
 O Level 27 Dodging
 O Level 27 Stealth
 + Level 19.5 Shields
 + Level 21.0 Unarmed Combat
 O Level 27 Spellcasting
 + Level 21.0 Conjurations
 O Level 27 Hexes
 + Level 21.2 Summonings
 + Level 22.7 Necromancy
 O Level 27 Translocations
 O Level 27 Transmutations
 + Level 22.5 Fire Magic
 + Level 22.4 Ice Magic
 + Level 24.1 Air Magic
 + Level 24.1 Earth Magic
 + Level 25.9 Poison Magic
 + Level 25.8 Invocations
 O Level 27 Evocations


You had 80 spell levels left.
You didn't know any spells.
Your spell library contained the following spells:

 Spells                   Type           Power      Damage    Failure   Level
 Blink                    Tloc           N/A        N/A       0%          2
 Gell's Gravitas          Tloc           41%        N/A       0%          3
 Lesser Beckoning         Tloc           41%        N/A       0%          3
 Teleport Other           Tloc           82%        N/A       0%          3
 Manifold Assault         Tloc           82%        N/A       0%          5


Dungeon Overview and Level Annotations

Branches:
Dungeon (1/1)

Altars:
Makhleb


Innate Abilities, Weirdness & Mutations

You are very small and have problems with some larger weapons.
You are too small for most types of armour.
You have supernaturally acute eyesight. (SInv)
You cover ground extremely quickly. (Speed+++)


Message History

Your Invocations skill increases to level 25!
You slice the bag of meat like a ripe choko!!!!!
You pulverise the bag of meat into a thin bloody mist.
You kill the bag of meat!
You cut the bag of meat into ribbons!!!!
You fatally mangle the bag of meat.
You kill the bag of meat!
You slice the bag of meat!!
You hew the bag of meat savagely.
You kill the bag of meat!
You hear a shout! x2
An accursed comes into view.
You hear a shout! x2
The bag of meat is engulfed in blazing flames.
The accursed points at you and mumbles some strange words.
Something smites you!
* * * LOW HITPOINT WARNING * * *
You hear a shout!
Your base Short Blades skill increases to level 26!
Your base Maces & Flails skill increases to level 19!
Your base Polearms skill increases to level 19!
Your base Staves skill increases to level 19!
You have mastered Slings!
Your Crossbows skill increases to level 24!
Your Unarmed Combat skill increases to level 21!
Your Conjurations skill increases to level 21!
Your Summonings skill increases to level 21!
Your Air Magic skill increases to level 24!
Your Earth Magic skill increases to level 24!
Unknown command.
You dice the large bag of meat like an onion!!!!!
Flame seeps out of the large bag of meat.
You fatally mangle the large bag of meat.
You slice the bag of meat like a ripe choko!!!!
You hew the bag of meat savagely.
You kill the bag of meat!
The large bag of meat explodes!
The fiery explosion engulfs the bag of meat!!!
The fiery explosion engulfs you! You resist.
* * * LOW HITPOINT WARNING * * *
You are engulfed in blazing flames.
You resist.
You die...

........#
.oo.....#
.O......#
.#.o....#
........#
..........#..oo..#
.o...........§)§#
..........##..o○@#
#..............§§#
.......oo###...M)#
..............§§o#
)...O#)#.....o○○§#
....o)§)....o.°§§#
)...#)#)#.....§○°#
.............M...#
.....#.#.#..#....#


You could see 2 accurseds, a large bag of meat (inner flame) and 9 bags of meat.

Vanquished Creatures
  A royal mummy (D)
  4 vampire knights (D)
  20 ogres (D)
  3 two-headed ogres (D)
  47 orcs (D)
  2 skeletal warriors (D)
77 creatures vanquished.

Notes
Turn   | Place    | Note
-------+----------+-------------------------------------------
     0 | D        | Found the +∞ Axe of Woe
     0 | D        | tygod the Spriggan Warper began the quest for the Orb.
     0 | D        | Reached XP level 1. HP: 10/10 MP: 5/5
     2 | D        | Noticed a bag of meat
     4 | D        | Noticed a bag of meat
     4 | D        | Noticed a meat berserker
     4 | D        | Noticed a meat berserker
     5 | D        | Noticed a meat berserker
     5 | D        | Noticed a bag of meat
     6 | D        | Killed a bag of meat
     6 | D        | Noticed a bag of meat
     6 | D        | Noticed a meat berserker
     6 | D        | Noticed a meat berserker
     7 | D        | Reached XP level 2. HP: 22/22 MP: 5/18
     7 | D        | Reached XP level 3. HP: 25/25 MP: 5/19
     7 | D        | Reached XP level 4. HP: 30/30 MP: 5/21
     7 | D        | Reached XP level 5. HP: 34/34 MP: 5/22
     7 | D        | Reached XP level 6. HP: 39/39 MP: 5/24
     7 | D        | Reached XP level 7. HP: 42/42 MP: 5/25
     7 | D        | Reached XP level 8. HP: 47/47 MP: 5/27
     7 | D        | Reached XP level 9. HP: 51/51 MP: 5/28
     7 | D        | Reached XP level 10. HP: 56/56 MP: 5/29
     7 | D        | Reached XP level 11. HP: 60/60 MP: 5/30
     7 | D        | Killed a meat berserker
     7 | D        | Noticed a bag of meat
     7 | D        | Noticed a bag of meat
     7 | D        | Noticed a bag of meat
     8 | D        | Reached skill level 10 in Fighting
     8 | D        | Reached skill level 27 in Translocations
     8 | D        | Reached XP level 12. HP: 69/69 MP: 5/35
     8 | D        | Reached XP level 13. HP: 73/73 MP: 5/36
     8 | D        | Killed a meat berserker
     9 | D        | Reached skill level 15 in Axes
     9 | D        | Reached XP level 14. HP: 81/81 MP: 5/40
     9 | D        | Killed a meat berserker
    10 | D        | Reached skill level 27 in Dodging
    10 | D        | Reached XP level 15. HP: 88/88 MP: 5/43
    10 | D        | Noticed a meat berserker
    11 | D        | Reached skill level 15 in Fighting
    11 | D        | Noticed a meat berserker
    11 | D        | Noticed a meat berserker
    11 | D        | Noticed a meat berserker
    11 | D        | Noticed a meat berserker
    13 | D        | Reached skill level 5 in Stealth
    13 | D        | Reached XP level 16. HP: 93/98 MP: 6/47
    13 | D        | Killed a meat berserker
    14 | D        | Reached skill level 10 in Stealth
    14 | D        | Reached skill level 27 in Spellcasting
    14 | D        | Reached XP level 17. HP: 103/108 MP: 6/49
    15 | D        | Killed a meat berserker
    15 | D        | Noticed a destroyer
    15 | D        | Noticed a meat berserker
    16 | D        | Reached skill level 27 in Axes
    16 | D        | Reached XP level 18. HP: 117/122 MP: 7/50
    16 | D        | Killed a meat berserker
    16 | D        | Killed a meat berserker
    16 | D        | Noticed a meat berserker
    16 | D        | Noticed a meat berserker
    16 | D        | Noticed a meat berserker
    17 | D        | Reached skill level 27 in Fighting
    17 | D        | Reached XP level 19. HP: 127/132 MP: 7/51
    17 | D        | Noticed a meat berserker
    17 | D        | Killed a meat berserker
    17 | D        | Noticed a meat berserker
    18 | D        | Reached skill level 27 in Throwing
    18 | D        | Reached skill level 27 in Stealth
    18 | D        | Reached XP level 20. HP: 132/137 MP: 7/52
    18 | D        | Noticed a destroyer
    19 | D        | Reached skill level 5 in Short Blades
    19 | D        | Reached skill level 5 in Crossbows
    19 | D        | Reached skill level 5 in Air Magic
    19 | D        | Reached skill level 5 in Earth Magic
    19 | D        | Reached skill level 5 in Poison Magic
    19 | D        | Reached skill level 5 in Invocations
    19 | D        | Noticed a meat berserker
    20 | D        | Reached skill level 5 in Long Blades
    20 | D        | Reached skill level 5 in Maces & Flails
    20 | D        | Reached skill level 5 in Polearms
    20 | D        | Reached skill level 5 in Staves
    20 | D        | Reached skill level 5 in Armour
    20 | D        | Reached skill level 5 in Shields
    20 | D        | Reached skill level 5 in Unarmed Combat
    20 | D        | Reached skill level 5 in Conjurations
    20 | D        | Reached skill level 5 in Summonings
    20 | D        | Reached skill level 10 in Evocations
    20 | D        | Noticed a large bag of meat
    20 | D        | Killed a meat berserker
    20 | D        | Noticed a meat berserker
    21 | D        | Reached skill level 10 in Slings
    21 | D        | Reached skill level 10 in Bows
    21 | D        | Reached skill level 10 in Hexes
    21 | D        | Reached XP level 21. HP: 137/142 MP: 8/53
    21 | D        | Noticed a large bag of meat
    22 | D        | Reached skill level 10 in Conjurations
    22 | D        | Reached skill level 10 in Necromancy
    22 | D        | Reached XP level 22. HP: 143/148 MP: 8/54
    23 | D        | Reached skill level 10 in Long Blades
    23 | D        | Reached skill level 10 in Unarmed Combat
    23 | D        | Reached skill level 10 in Summonings
    23 | D        | Reached skill level 15 in Transmutations
    24 | D        | Reached skill level 15 in Short Blades
    24 | D        | Reached skill level 15 in Poison Magic
    24 | D        | Reached skill level 15 in Invocations
    24 | D        | Reached XP level 23. HP: 108/153 MP: 8/55
    24 | D        | Killed a destroyer
    25 | D        | Reached skill level 15 in Crossbows
    25 | D        | Reached skill level 15 in Air Magic
    25 | D        | Reached skill level 15 in Earth Magic
    25 | D        | Reached XP level 24. HP: 112/158 MP: 9/55
    26 | D        | Reached skill level 15 in Necromancy
    26 | D        | Reached skill level 15 in Fire Magic
    26 | D        | Reached skill level 15 in Ice Magic
    28 | D        | Reached skill level 15 in Conjurations
    28 | D        | Reached XP level 25. HP: 102/163 MP: 9/55
    30 | D        | Killed a destroyer
    31 | D        | Reached skill level 15 in Long Blades
    31 | D        | Reached skill level 15 in Unarmed Combat
    31 | D        | Reached skill level 15 in Summonings
    33 | D        | Noticed a large bag of meat
    35 | D        | Noticed a destroyer
    39 | D        | Reached skill level 15 in Maces & Flails
    39 | D        | Reached skill level 15 in Polearms
    39 | D        | Reached skill level 15 in Staves
    39 | D        | Reached skill level 15 in Armour
    39 | D        | Reached skill level 15 in Shields
    39 | D        | Reached XP level 26. HP: 108/169 MP: 12/55
    42 | D        | Noticed a destroyer
    43 | D        | Killed a destroyer
    44 | D        | Reached skill level 27 in Evocations
    44 | D        | Killed a large bag of meat
    45 | D        | Reached XP level 27. HP: 90/174 MP: 13/55
    47 | D        | Killed a destroyer
    49 | D        | Reached skill level 27 in Transmutations
    49 | D        | Noticed an accursed
    50 | D        | Killed a large bag of meat
    51 | D        | Noticed an accursed
    52 | D        | Noticed a large bag of meat
    56 | D        | Killed an accursed
    57 | D        | Reached skill level 27 in Bows
    57 | D        | Reached skill level 27 in Hexes
    57 | D        | Noticed an accursed
    58 | D        | Reached skill level 27 in Slings
    58 | D        | Killed a large bag of meat
    58 | D        | HP: 7/174 [spore (16)]
    58 | D        | Engulfed by a cloud of flame

Illustrated notes

Levels and vault maps discovered:
D:        meatsprint

Skill      XL: |  1  2  3  4  5  6  7  8  9 10 11 12 13 14 15 16 17 18 19 20 21 22 23 24 25 26 27 |
---------------+----------------------------------------------------------------------------------+-----
Fighting       | 7 10 12 14 16 20 24 27 | 27.0
Axes           | 9 12 15 17 20 24 27 | 27.0
Throwing       | 3 4 6 7 9 11 13 23 27 | 27.0
Dodging        | 16 21 24 27 | 27.0
Spellcasting   | 14 18 21 23 26 27 | 27.0
Translocations | 24 27 | 27.0
Stealth        | 5 10 12 24 27 | 27.0
Short Blades   | 9 12 15 16 18 20 22 26 | 26.1
Long Blades    | 7 9 12 13 14 16 17 20 | 20.6
Maces & Flails | 6 9 11 12 13 15 16 19 | 19.2
Polearms       | 6 9 11 12 13 15 16 19 | 19.2
Staves         | 6 9 11 12 13 15 16 19 | 19.2
Slings         | 10 13 16 17 19 21 23 27 | 27.0
Bows           | 10 13 16 17 19 21 23 27 | 27.0
Crossbows      | 8 11 14 15 17 18 20 24 | 24.0
Armour         | 6 9 11 12 13 15 16 19 | 19.5
Shields        | 6 9 11 12 13 15 16 19 | 19.5
Unarmed Combat | 7 9 12 13 14 16 17 21 | 21.0
Conjurations   | 7 10 12 13 15 16 18 21 | 21.0
Hexes          | 10 13 16 17 19 21 23 27 | 27.0
Summonings     | 7 9 12 13 14 16 18 21 | 21.2
Necromancy     | 7 10 13 14 15 17 19 22 | 22.7
Transmutations | 11 14 17 19 21 23 25 27 | 27.0
Fire Magic     | 8 11 13 14 16 17 19 22 | 22.5
Ice Magic      | 8 11 13 14 16 17 19 22 | 22.4
Air Magic      | 8 11 14 15 17 19 21 24 | 24.1
Earth Magic    | 8 11 14 15 17 19 21 24 | 24.1
Poison Magic   | 9 12 15 16 18 20 22 25 | 25.9
Invocations    | 9 12 15 16 18 20 22 25 | 25.8
Evocations     | 12 16 19 20 23 25 27 | 27.0

Action                   |  1- 3 |  4- 6 |  7- 9 | 10-12 | 13-15 | 16-18 | 19-21 | 22-24 | 25-27 || total
-------------------------+-------+-------+-------+-------+-------+-------+-------+-------+-------++-------
Melee: Broad axe         |     1 |       |       |     1 |     4 |     4 |     5 |     6 |    19 ||    40
  Use: Scroll            |       |       |       |       |     1 |       |       |       |     1 ||     2
Dodge: Dodged            |       |       |       |       |       |       |       |     1 |       ||     1

Table legend: (Time is in decaauts)
 A = Elapsed time spent in this place.
 B = Non-inter-level travel time spent in this place.
 C = Inter-level travel time spent in this place.
 D = Time resting spent in this place.
 E = Time spent auto-exploring this place.
 F = Levels seen in this place.
 G = Mean time per level.
                   A        B        C        D        E       F      G
               +--------+--------+--------+--------+--------+-----+--------+
         Total |     41 |     41 |      0 |      0 |      0 |   1 |   41.0 |
       Dungeon |     41 |     41 |      0 |      0 |      0 |   1 |   41.0 |
               +--------+--------+--------+--------+--------+-----+--------+

Top non-repeatable levels by time:
       D: 41 daAuts
